 Dungeon Crawl Stone Soup version 0.23.2 (webtiles) character file.

Game seed: 11496807250949753201

15372 Borgoz the Slicer (level 12, -1/75 HPs)
             Began as a Gargoyle Fighter on Mar 31, 2019.
             Was a Priest of Ashenzari.
             Slain by a two-headed ogre
             ... wielding a +0 giant spiked club
              (4 damage)
             ... on level 13 of the Dungeon.
             The game lasted 00:28:56 (15146 turns).

Borgoz the Slicer (Gargoyle Fighter)               Turns: 15146, Time: 00:28:57

Health: -1/75      AC: 23    Str: 22    XL:     12   Next: 26%
Magic:  14/14      EV: 17    Int: 11    God:    Ashenzari [***...]
Gold:   175        SH:  0    Dex: 16    Spells: 11/11 levels left

rFire    + . .     SeeInvis +   a - +6 dagger (curse)
rCold    x . .     Gourm    +   (no shield)
rNeg     + . .     Faith    .   t - quicksilver dragon scales of Sezourgho {MR+ Str+3} (curse)
rPois    ∞         Spirit   .   (no helmet)
rElec    +         Reflect  .   n - +1 cloak (curse)
rCorr    .         Harm     .   (no gloves)
MR       +....                  (no boots)
Stlth    +++.......             F - amulet of the gourmand
HPRegen  0.22/turn              w - ring of fire
MPRegen  0.14/turn              e - ring of Dusowu {rElec Dex+3} (curse)

@: no status effects
A: negative energy resistance 1, electricity resistance, unbreathing,
petrification resistance, rot immunity, AC +8
a: Curse Item, Scrying, Renounce Religion


You were on level 13 of the Dungeon.
You worshipped Ashenzari.
Ashenzari was most pleased with you.
You were not hungry.

You visited 2 branches of the dungeon, and saw 14 of its levels.
You also visited: Sewer and Bailey.

You collected 1159 gold pieces.
You spent 984 gold pieces at shops.

Inventory:

Hand Weapons
 a - a cursed +6 dagger (weapon)
 z - a +4 quarterstaff of chaos
 B - a +0 rapier
Missiles
 b - 52 tomahawks of returning (quivered)
 A - 8 tomahawks
Armour
 c - a +0 shield
 n - a cursed +1 cloak (worn)
 t - the cursed quicksilver dragon scales of Sezourgho (worn) {MR+ Str+3}
   (You bought it in a shop on level 11 of the Dungeon)

   It affects your strength (+3).
   It affects your resistance to hostile enchantments.
   It has a curse placed upon it.
 E - a +0 ring mail of fire resistance
 G - a +0 scale mail of positive energy
Jewellery
 e - the cursed ring of Dusowu (right hand) {rElec Dex+3}
   (You acquired it on level 12 of the Dungeon)

   [ring of dexterity]

   It affects your dexterity (+3).
   It insulates you from electricity.
   It has a curse placed upon it.
 w - a ring of fire (left hand)
 x - an uncursed ring of positive energy
 F - an amulet of the gourmand (around neck)
Wands
 p - a wand of random effects (15)
 y - a wand of polymorph (8)
 C - a wand of iceblast (10)
Scrolls
 d - 9 scrolls of remove curse
 g - 2 scrolls of enchant armour
 l - 2 scrolls of fog
 m - a scroll of identify
 r - 4 scrolls of amnesia
 s - 4 scrolls of teleportation
 u - a scroll of fear {unknown}
 v - a scroll of enchant weapon
Potions
 h - 3 potions of mutation
 j - a potion of flight
 k - a potion of lignification
 o - a potion of cancellation
 q - a potion of brilliance
 D - 2 potions of magic
Comestibles
 f - 26 rations


   Skills:
 + Level 8.7 Fighting
 + Level 9.2(12.0) Short Blades
 + Level 2.7 Throwing
 + Level 8.8 Armour
 * Level 8.8 Dodging
 + Level 8.7 Stealth
 - Level 3.3 Shields
 + Level 2.9 Evocations


You had 11 spell levels left.
You didn't know any spells.
Your spell library contained the following spells:

 Spells                   Type           Power        Failure   Level  Hunger
 Animate Skeleton         Necr           N/A          45%         1    ##.....
 Corona                   Hex            #......      45%         1    ##.....
 Pain                     Necr           #...         45%         1    ##.....
 Shock                    Conj/Air       #...         45%         1    ##.....
 Ensorcelled Hibernation  Hex/Ice        #.....       61%         2    ###....
 Swiftness                Chrm/Air       #.......     61%         2    ###....
 Confuse                  Hex            #.......     83%         3    ####...
 Dazzling Spray           Conj/Hex       #.....       83%         3    ####...
 Ignite Poison            Fire/Tmut/Pois #.......     83%         3    ####...
 Regeneration             Chrm/Necr      #.........   83%         3    ####...
 Static Discharge         Conj/Air       #.......     83%         3    ####...
 Tukima's Dance           Hex            #.......     83%         3    ####...
 Vampiric Draining        Necr           #.........   83%         3    ####...
 Airstrike                Air            #.........   99%         4    #####..
 Animate Dead             Necr           N/A          99%         4    #####..
 Fireball                 Conj/Fire      #.........   100%        5    ######.
 Lightning Bolt           Conj/Air       #.........   100%        5    ######.
 Bolt of Fire             Conj/Fire      #.........   100%        6    #######
 Ring of Flames           Chrm/Fire      #.........   100%        7    #######
 Ignition                 Fire           #.........   100%        8    #######


Dungeon Overview and Level Annotations

Branches:
Dungeon (13/15)            Temple (1/1) D:4            Lair (0/6) D:8
    Orc (0/2) D:9
 Vaults: D:13-14

Altars:
Ashenzari
Cheibriados
Dithmenos
Elyvilon
Fedhas
Gozag
Hepliaklqana
Kikubaaqudgha
Makhleb
Nemelex Xobeh
Okawaru
Qazlal
Ru
Sif Muna
Trog
Uskayaw
Vehumet
Wu Jian
Xom
Yredelemnul
Zin
The Shining One

Shops:
D:11 [


Innate Abilities, Weirdness & Mutations

You are resistant to torment.
Your stone body is resilient. (AC +8)
You are immune to poison.
You resist negative energy. (rN+)
You are resistant to electric shocks. (rElec)
You can survive without breathing.
You are immune to petrification.
You are immune to rotting.


Message History

The two-headed ogre hits you with a +0 giant spiked club.
* * * LOW HITPOINT WARNING * * *
The two-headed ogre misses you.
Okay, then.
Evoke which item? (* to show all) (? for menu, Esc to quit)
Okay, then.
You hit the two-headed ogre.
The two-headed ogre is severely wounded.
You puncture the two-headed ogre!
The two-headed ogre is almost dead.
The two-headed ogre completely misses you.
The two-headed ogre hits you but does no damage.
You hit the two-headed ogre but do no damage.
The two-headed ogre is severely wounded.
You hit the two-headed ogre.
The two-headed ogre is almost dead.
You hit the two-headed ogre but do no damage.
The two-headed ogre is almost dead.
The two-headed ogre hits you with a +0 giant spiked club.
You die...

, #....###.
,#########. ,
#... ..., * ,
######. * #...
... , ,,,
+...... ,#...
..# ####### *
#... #.# *, * #
#..##.# , #
#.....# ,
*#.##..##### *
, ..,*#..O@..#
##** ##.###.# ,
, ,[..# #.# , *
*##### #.# *
######.#
######### ,
#...†..#
#........
#.######
#.####### * *
#.###########.#
, *
#.............#


You could see a two-headed ogre.

Vanquished Creatures
  2 two-headed ogres (D:11)
  A centaur warrior (D:13)
  2 unseen horrors
  4 ugly things (D:12)
  A kobold demonologist (D:12)
  An efreet (D:13)
  Grinder (D:3)
  2 hippogriffs
  A shadow (D:12)
  6 yaks (D:12)
  A wraith (D:13)
  3 hungry ghosts
  3 vampire mosquitoes
  Menkaure (D:5)
  2 acid dragons
  3 water moccasins
  2 sky beasts
  4 phantoms
  9 orc warriors
  6 ice beasts
  3 black bears
  An eye of draining (D:12)
  A necrophage (D:12)
  6 ogres
  4 centaurs
  2 crocodiles
  4 big kobolds
  9 bullfrogs
  A wyvern skeleton (D:13)
  2 scorpions
  7 killer bees (D:10)
  7 wights (D:9)
  An electric eel (D:12)
  4 crimson imps
  2 howler monkeys
  4 centaur zombies
  3 bullfrog zombies
  7 hounds
  3 orc priests
  2 bullfrog skeletons
  2 centaur skeletons
  An iguana (D:10)
  Crazy Yiuf (D:5)
  Natasha (thrice) (D:3)
  9 orc wizards
  10 worker ants
  2 hound zombies
  A worker ant zombie (D:6)
  A gnoll (Bailey)
  8 adders
  5 river rats
  A shadow imp (D:5)
  An adder zombie (D:8)
  2 adder skeletons
  3 worms
  2 dart slugs
  4 leopard geckos
  44 orcs
  A ball python (D:3)
  A giant cockroach (D:3)
  17 goblins
  8 hobgoblins
  11 jackals
  44 kobolds
  3 quokkas
  A ball python zombie (D:5)
  5 bats
  4 frilled lizards
  2 jackal skeletons (D:4)
  A leopard gecko skeleton (D:6)
  9 rats
  A fungus (D:5)
336 creatures vanquished.

Notes
Turn   | Place    | Note
-------+----------+-------------------------------------------
     0 | D:1      | Borgoz the Gargoyle Fighter began the quest for the Orb.
     0 | D:1      | Reached XP level 1. HP: 14/14 MP: 1/1
   131 | D:1      | Reached skill level 2 in Short Blades
   131 | D:1      | Reached XP level 2. HP: 12/19 MP: 2/2
   730 | D:2      | Found a shadowy altar of Dithmenos.
   730 | D:2      | Found a sacrificial altar of Ru.
   749 | D:2      | Found an ornate altar of the Wu Jian Council.
   772 | D:2      | Reached XP level 3. HP: 5/23 MP: 3/3
  1088 | D:2      | Reached skill level 1 in Dodging
  1141 | D:2      | Found a blossoming altar of Fedhas.
  1625 | D:3      | Reached skill level 1 in Stealth
  1639 | D:3      | Reached XP level 4. HP: 19/29 MP: 4/4
  1667 | D:3      | Found a glowing drain.
  1737 | Sewer    | Entered a sewer
  2040 | Sewer    | Noticed a big kobold
  2099 | Sewer    | Killed a big kobold
  2099 | Sewer    | Reached skill level 3 in Short Blades
  2099 | Sewer    | Reached XP level 5. HP: 28/33 MP: 5/5
  2153 | Sewer    | Found a white marble altar of Elyvilon.
  2378 | D:3      | Noticed Grinder
  2380 | D:3      | Found a basalt altar of Yredelemnul.
  2383 | D:3      | Paralysed by Grinder for 2 turns
  2396 | D:3      | Killed Grinder
  2396 | D:3      | Reached XP level 6. HP: 16/39 MP: 6/6
  2681 | D:3      | Noticed Natasha
  2693 | D:3      | Killed Natasha
  2693 | D:3      | Reached XP level 7. HP: 30/44 MP: 7/7
  2897 | D:3      | Found a deep blue altar of Sif Muna.
  2955 | D:3      | Noticed Natasha
  2960 | D:3      | Killed Natasha
  2975 | D:3      | Found a bloodstained altar of Trog.
  2991 | D:3      | Noticed Natasha
  2998 | D:3      | Killed Natasha
  3010 | D:3      | Found a faded altar of an unknown god.
  3216 | D:4      | Reached skill level 4 in Short Blades
  3651 | D:3      | Found a shimmering altar of Xom.
  3651 | D:3      | Found an ancient bone altar of Kikubaaqudgha.
  3651 | D:3      | Found a hide-covered altar of Uskayaw.
  3765 | D:4      | Found a staircase to the Ecumenical Temple.
  3823 | Temple   | Entered the Ecumenical Temple
  3879 | Temple   | Became a worshipper of Ashenzari the Shackled
  4293 | D:5      | Entered Level 5 of the Dungeon
  4311 | D:5      | Reached XP level 8. HP: 37/48 MP: 8/8
  4497 | D:5      | Noticed Menkaure
  4511 | D:5      | Killed Menkaure
  4511 | D:5      | Reached skill level 5 in Fighting
  4511 | D:5      | Reached skill level 5 in Armour
  4539 | D:5      | Reached skill level 5 in Short Blades
  4842 | D:5      | Found a shattered altar of Ashenzari.
  5476 | D:5      | Found a runed translucent door.
  5477 | D:5      | Noticed Crazy Yiuf
  5487 | D:5      | Killed Crazy Yiuf
  5799 | D:6      | Reached XP level 9. HP: 54/54 MP: 9/9
  5857 | D:6      | Found an ornate altar of the Wu Jian Council.
  5863 | D:6      | Reached skill level 5 in Dodging
  5940 | D:5      | Reached skill level 6 in Short Blades
  6251 | D:5      | Reached skill level 5 in Stealth
  7379 | D:7      | Reached * piety under Ashenzari
  8156 | D:8      | Reached skill level 7 in Short Blades
  8156 | D:8      | Reached XP level 10. HP: 22/61 MP: 10/10
  8460 | D:8      | Found a staircase to the Lair.
  8747 | D:8      | Found a snail-covered altar of Cheibriados.
  9731 | D:9      | Found an iron altar of Okawaru.
  9766 | D:9      | Found a staircase to the Orcish Mines.
 10037 | D:9      | Found a blossoming altar of Fedhas.
 10039 | D:9      | Found a stormy altar of Qazlal.
 10202 | D:10     | Entered Level 10 of the Dungeon
 10336 | D:10     | Reached skill level 8 in Short Blades
 10826 | D:10     | Killed an unseen horror
 10959 | D:10     | Reached XP level 11. HP: 56/67 MP: 11/11
 11393 | D:11     | Reached ** piety under Ashenzari
 11466 | D:11     | Killed an unseen horror
 11500 | D:11     | Found a flagged portal.
 11618 | Bailey   | Entered a bailey
 12245 | D:11     | Noticed a two-headed ogre
 12503 | D:11     | Noticed a two-headed ogre
 12520 | D:11     | Killed a two-headed ogre
 12520 | D:11     | Reached skill level 1 in Throwing
 12520 | D:11     | Reached skill level 1 in Evocations
 12634 | D:11     | Found Raicurex's Armour Boutique.
 12642 | D:11     | Bought the cursed quicksilver dragon scales of Sezourgho
                  | {MR+ Str+3} for 984 gold pieces
 12827 | D:11     | Killed a two-headed ogre
 12925 | D:12     | Found a shadowy altar of Dithmenos.
 12934 | D:12     | Noticed a red ugly thing
 12950 | D:12     | Killed a red ugly thing
 12994 | D:12     | Noticed a purple ugly thing
 13107 | D:12     | Killed a purple ugly thing
 13107 | D:12     | Reached skill level 9 in Short Blades
 13145 | D:12     | Found a white marble altar of Elyvilon.
 13164 | D:12     | Identified the +5 spear "Baongex" {pierce, rC++ rN+ Int-2}
 13682 | D:12     | Noticed a brown ugly thing
 13682 | D:12     | Noticed a white ugly thing
 13700 | D:12     | Killed a red ugly thing
 13700 | D:12     | Reached XP level 12. HP: 51/75 MP: 13/13
 14010 | D:12     | Identified a scroll of acquirement
 14010 | D:12     | Identified the cursed ring of Dusowu {rElec Dex+3} (You
                  | acquired it on level 12 of the Dungeon)
 14159 | D:12     | Reached *** piety under Ashenzari
 14387 | D:13     | Noticed a centaur warrior
 14517 | D:13     | Killed a centaur warrior
 15111 | D:13     | Noticed a two-headed ogre
 15141 | D:13     | HP: 3/75 [two-headed ogre/+0 giant spiked club (6)]
 15146 | D:13     | Slain by a two-headed ogre

Skill      XL: |  1  2  3  4  5  6  7  8  9 10 11 |
---------------+----------------------------------+-----
Short Blades   | 2 3 4 5 7 8 9 |  9.2
Dodging        | 1 2 3 4 6 7 8 |  8.8
Stealth        | 1 2 3 4 5 7 8 |  8.7
Fighting       | 4 5 6 7 8 |  8.7
Armour         | 4 5 6 7 8 |  8.8
Throwing       | 2 |  2.7
Evocations     | 2 |  2.9
Shields        | |  3.3

Action                   |  1- 3 |  4- 6 |  7- 9 | 10-12 || total
-------------------------+-------+-------+-------+-------++-------
Melee: Rapier            |   115 |   137 |   794 |   202 ||  1248
       Dagger            |       |       |       |   937 ||   937
Throw: Throwing net      |       |       |     3 |     5 ||     8
Evoke: Wand              |       |       |       |     7 ||     7
  Use: Scroll            |       |     5 |     1 |    14 ||    20
       Potion            |       |     3 |     6 |    13 ||    22
 Stab: Invisible         |       |       |     1 |    10 ||    11
       Sleeping          |       |       |     4 |    13 ||    17
       Held in net/web   |       |       |       |     7 ||     7
       Distracted        |       |       |       |     1 ||     1
  Eat: Chunk             |     2 |     4 |    21 |    30 ||    57
       Ration            |       |       |       |     2 ||     2
Armor: Scale mail        |    43 |    72 |   395 |   152 ||   662
       Ring mail         |       |       |       |   195 ||   195
       Quicksilver drago |       |       |       |    58 ||    58
Dodge: Dodged            |    47 |    78 |   448 |   615 ||  1188
Block: Shield            |     3 |       |       |       ||     3
